IL
OMAHA STORM CHASERS @ ROUND ROCK EXPRESS
10/02/2044
 
TOP OF THE 1ST
Omaha Storm Chasers batting - Pitching for Round Rock Express : RHP Victor Nunez
Pitching: RHP Victor Nunez
Batting: RHB Yuichi Takata 0-0: Ball
1-0: Ground out 5-3 (Groundball, 25, EV 84.4 MPH)
Batting: LHB Justin Rupert 0-0: Foul Ball, location: 2F
0-1: Ball
1-1: Swinging Strike
1-2: Ball
2-2: Foul Ball, location: 2F
2-2: Foul Ball, location: 2F
2-2: Strikes out swinging
Batting: LHB Roman Downey 0-0: Ball
1-0: Called Strike
1-1: Called Strike
1-2: Foul Ball, location: 2F
1-2: Strikes out looking
Top of the 1st over - 0 runs, 0 hits, 0 errors, 0 left on base; Omaha 0 - Round Rock 0
BOTTOM OF THE 1ST
Round Rock Express batting - Pitching for Omaha Storm Chasers : RHP Sergio Quinones
Pitching: RHP Sergio Quinones
Batting: SHB David Simpson 0-0: Called Strike
0-1: Ground out 4-3 (Groundball, 4, EV 80.6 MPH)
Batting: LHB Pauli Gassinger 0-0: Ground out 6-3 (Groundball, 4M, EV 88.1 MPH)
Batting: RHB Rich Stinson 0-0: Ball
1-0: SINGLE (Line Drive, 4D, EV 97.5 MPH)
Batting: LHB Jeff Densmore 0-0: Ball
1-0: Swinging Strike
1-1: Ball
Rich Stinson steals 2nd base
2-1: Ball
3-1: Base on Balls
Batting: RHB Alan Oxenrider 0-0: Foul Ball, location: 2F
0-1: 3-RUN HOME RUN (Line Drive, 7LD, EV 103.1 MPH), Distance : 364 ft
Batting: RHB Jimmy Hammertime 0-0: Foul Ball, location: 2F
0-1: Ball
1-1: Foul Ball, location: 2F
1-2: Strikes out swinging
Bottom of the 1st over - 3 runs, 2 hits, 0 errors, 0 left on base; Omaha 0 - Round Rock 3
TOP OF THE 2ND
Omaha Storm Chasers batting - Pitching for Round Rock Express : RHP Victor Nunez
Batting: RHB Nick Ogle 0-0: Ball
1-0: Ground out 4-3 (Groundball, 4, EV 78.8 MPH)
Batting: RHB Mikolas Markus 0-0: Ball
1-0: Ball
2-0: SINGLE (Groundball, 56D, EV 96.2 MPH)
Batting: RHB Chris Cooper 0-0: Ball
1-0: Swinging Strike
1-1: SINGLE (Groundball, 4D, EV 105.0 MPH)
Mikolas Markus to second
Runner from 2nd tries for 3rd, SAFE, throw by CF made to third
Batting: RHB Joeri Plas 0-0: Ball
1-0: Fielders Choice at 2nd, 2-6 (Groundball, 13S, EV 69.4 MPH)
Batting: RHB Aaron Moore 0-0: Foul Ball, location: 2F
0-1: Foul Ball, location: 2F
0-2: Strikes out swinging
Top of the 2nd over - 0 runs, 2 hits, 0 errors, 2 left on base; Omaha 0 - Round Rock 3
BOTTOM OF THE 2ND
Round Rock Express batting - Pitching for Omaha Storm Chasers : RHP Sergio Quinones
Batting: RHB Dennis Daniels 0-0: SOLO HOME RUN (Flyball, 9LD, EV 93.8 MPH), Distance : 344 ft
Batting: RHB Gavin Fimple 0-0: Foul Ball, location: 2F
0-1: Called Strike
0-2: Strikes out swinging
Batting: RHB Rick Concha 0-0: Called Strike
0-1: Swinging Strike
0-2: Strikes out swinging
Batting: SHB David Simpson 0-0: Ball
1-0: Swinging Strike
1-1: Foul Ball, location: 2F
1-2: Ball
2-2: Ground out 6-3 (Groundball, 6S, EV 91.2 MPH)
Bottom of the 2nd over - 1 run, 1 hit, 0 errors, 0 left on base; Omaha 0 - Round Rock 4
TOP OF THE 3RD
Omaha Storm Chasers batting - Pitching for Round Rock Express : RHP Victor Nunez
Batting: LHB Chris Eaker 0-0: Swinging Strike
0-1: Ball
1-1: Ground out U3 (Groundball, 3, EV 89.4 MPH)
Batting: RHB Yuichi Takata 0-0: Ground out 4-3 (Groundball, 34, EV 102.5 MPH)
Batting: LHB Justin Rupert 0-0: Swinging Strike
0-1: Ball
1-1: Ball
2-1: Swinging Strike
2-2: Foul Ball, location: 2F
2-2: Ball
3-2: Fly out, F9 (Line Drive, 9D, EV 109.4 MPH)
Top of the 3rd over - 0 runs, 0 hits, 0 errors, 0 left on base; Omaha 0 - Round Rock 4
BOTTOM OF THE 3RD
Round Rock Express batting - Pitching for Omaha Storm Chasers : RHP Sergio Quinones
Batting: LHB Pauli Gassinger 0-0: Ball
1-0: Ball
2-0: Swinging Strike
2-1: Swinging Strike
2-2: Ground out 6-3 (Groundball, 6M, EV 103.1 MPH)
Batting: RHB Rich Stinson 0-0: Called Strike
0-1: Called Strike
0-2: Strikes out swinging
Batting: LHB Jeff Densmore 0-0: Called Strike
0-1: Fly out, F8 (Flyball, 8LS, EV 91.2 MPH)
Bottom of the 3rd over - 0 runs, 0 hits, 0 errors, 0 left on base; Omaha 0 - Round Rock 4
TOP OF THE 4TH
Omaha Storm Chasers batting - Pitching for Round Rock Express : RHP Victor Nunez
Batting: LHB Roman Downey 0-0: Swinging Strike
0-1: Called Strike
0-2: Ball
1-2: Strikes out swinging
Batting: RHB Nick Ogle 0-0: Ball
1-0: Called Strike
1-1: Ball
2-1: Ball
3-1: SINGLE (Groundball, 56D, EV 98.1 MPH)
Batting: RHB Mikolas Markus 0-0: Ball
1-0: Swinging Strike
1-1: Ball
2-1: Grounds into double play, 6-4-3 (Groundball, 6MS, EV 93.8 MPH)
Top of the 4th over - 0 runs, 1 hit, 0 errors, 0 left on base; Omaha 0 - Round Rock 4
BOTTOM OF THE 4TH
Round Rock Express batting - Pitching for Omaha Storm Chasers : RHP Sergio Quinones
Batting: RHB Alan Oxenrider 0-0: Swinging Strike
0-1: Ground out 1-3 (Groundball, P, EV 73.1 MPH)
Batting: RHB Jimmy Hammertime 0-0: Ball
1-0: SINGLE (Line Drive, 8LS, EV 88.1 MPH)
Batting: RHB Dennis Daniels 0-0: Called Strike
0-1: Swinging Strike
0-2: Strikes out swinging
Batting: RHB Gavin Fimple 0-0: Ball
1-0: Swinging Strike
1-1: Swinging Strike
1-2: Ball
2-2: Ball
3-2: Foul Ball, location: 2F
3-2: Strikes out swinging
Bottom of the 4th over - 0 runs, 1 hit, 0 errors, 1 left on base; Omaha 0 - Round Rock 4
TOP OF THE 5TH
Omaha Storm Chasers batting - Pitching for Round Rock Express : RHP Victor Nunez
Batting: RHB Chris Cooper 0-0: Called Strike
0-1: Ball
1-1: Ball
2-1: Ground out 5-3 (Groundball, 56S, EV 71.2 MPH)
Batting: RHB Joeri Plas 0-0: Ball
1-0: Ball
2-0: Called Strike
2-1: Called Strike
2-2: Ball
3-2: Base on Balls
Batting: RHB Aaron Moore 0-0: Swinging Strike
0-1: Swinging Strike
0-2: Ball
1-2: Strikes out swinging
Batting: LHB Chris Eaker 0-0: Foul Ball, location: 2F
0-1: Foul Ball, location: 2F
0-2: Ball
1-2: Ball
2-2: Fly out, F8 (Flyball, 78XD, EV 93.1 MPH)
Top of the 5th over - 0 runs, 0 hits, 0 errors, 1 left on base; Omaha 0 - Round Rock 4
BOTTOM OF THE 5TH
Round Rock Express batting - Pitching for Omaha Storm Chasers : RHP Sergio Quinones
Batting: RHB Rick Concha 0-0: Ball
1-0: Foul Ball, location: 2F
1-1: Ground out U3 (Groundball, 34, EV 101.9 MPH)
Batting: SHB David Simpson 0-0: Ball
1-0: Called Strike
1-1: Ball
2-1: Ground out 6-3 (Groundball, 56, EV 105.6 MPH)
Batting: LHB Pauli Gassinger 0-0: Foul Ball, location: 2F
0-1: Fly out, F8 (Line Drive, 8RD, EV 95.6 MPH)
Bottom of the 5th over - 0 runs, 0 hits, 0 errors, 0 left on base; Omaha 0 - Round Rock 4
TOP OF THE 6TH
Omaha Storm Chasers batting - Pitching for Round Rock Express : RHP Victor Nunez
Batting: RHB Yuichi Takata 0-0: Ground out 6-3 (Groundball, 6, EV 110.0 MPH)
Batting: LHB Justin Rupert 0-0: Swinging Strike
0-1: Fly out, F5 (Line Drive, 5, EV 60.0 MPH)
Batting: LHB Roman Downey 0-0: Called Strike
0-1: Swinging Strike
0-2: Foul Ball, location: 2F
0-2: Ball
1-2: Ball
2-2: Ball
3-2: Ground out 4-3 (Groundball, 4, EV 108.1 MPH)
Top of the 6th over - 0 runs, 0 hits, 0 errors, 0 left on base; Omaha 0 - Round Rock 4
BOTTOM OF THE 6TH
Round Rock Express batting - Pitching for Omaha Storm Chasers : RHP Sergio Quinones
Batting: RHB Rich Stinson 0-0: Ball
1-0: Foul Ball, location: 2F
1-1: Ball
2-1: Ball
3-1: Foul Ball, location: 2F
3-2: SINGLE (Line Drive, 6D, EV 95.6 MPH)
Batting: LHB Jeff Densmore 0-0: Ball
1-0: Foul Ball, location: 2F
1-1: Ball
2-1: Fly out, F9 (Flyball, 9LD, EV 103.8 MPH)
Batting: RHB Alan Oxenrider 0-0: Ball
1-0: Ball
2-0: Grounds into double play, 4-6-3 (Groundball, 4, EV 108.1 MPH)
Bottom of the 6th over - 0 runs, 1 hit, 0 errors, 0 left on base; Omaha 0 - Round Rock 4
TOP OF THE 7TH
Omaha Storm Chasers batting - Pitching for Round Rock Express : RHP Victor Nunez
Batting: RHB Nick Ogle 0-0: Ball
1-0: Called Strike
1-1: Foul Ball, location: 2F
1-2: Fly out, F2 (Popup, 2LF, EV 95.0 MPH)
Batting: RHB Mikolas Markus 0-0: Ball
1-0: Ball
2-0: Ball
3-0: Called Strike
3-1: Base on Balls
Batting: RHB Chris Cooper 0-0: Foul Ball, location: 2F
0-1: Ball
1-1: Swinging Strike
1-2: Foul Ball, location: 2F
1-2: Strikes out swinging
Batting: RHB Joeri Plas 0-0: Foul Ball, location: 2F
0-1: Ball
1-1: Ball
2-1: SINGLE (Line Drive, 8LS, EV 106.9 MPH)
Mikolas Markus to second
Batting: RHB Aaron Moore 0-0: Called Strike
0-1: Swinging Strike
0-2: Ball
1-2: Ball
2-2: Foul Ball, location: 2F
2-2: Fielders Choice at 2nd, 6-4 (Groundball, 6, EV 110.0 MPH)
Top of the 7th over - 0 runs, 1 hit, 0 errors, 2 left on base; Omaha 0 - Round Rock 4
BOTTOM OF THE 7TH
Round Rock Express batting - Pitching for Omaha Storm Chasers : RHP Sergio Quinones
Batting: RHB Jimmy Hammertime 0-0: Called Strike
0-1: Ball
1-1: Foul Ball, location: 2F
1-2: DOUBLE (Line Drive, 3D, EV 97.5 MPH)
Batting: RHB Dennis Daniels 0-0: Ground out 4-3 (Groundball, 4, EV 88.8 MPH)
Jimmy Hammertime to third
Batting: RHB Gavin Fimple 0-0: Ball
1-0: Called Strike
1-1: Swinging Strike
1-2: Ball
2-2: Ball
3-2: Strikes out swinging
Batting: RHB Rick Concha 0-0: Swinging Strike
0-1: Ball
1-1: Ball
Wild Pitch!
Jimmy Hammertime scores
2-1: Ball
3-1: Ground out 3-1 (Groundball, 34, EV 90.0 MPH)
Bottom of the 7th over - 1 run, 1 hit, 0 errors, 0 left on base; Omaha 0 - Round Rock 5
TOP OF THE 8TH
Omaha Storm Chasers batting - Pitching for Round Rock Express : RHP Victor Nunez
Batting: LHB Chris Eaker 0-0: Called Strike
0-1: Foul Ball, location: 2F
0-2: Strikes out swinging
Pinch Hitting: LHB Bill Baconneck 0-0: SOLO HOME RUN (Flyball, 7D, EV 99.4 MPH), Distance : 370 ft
Batting: LHB Justin Rupert 0-0: Ball
1-0: Called Strike
1-1: SOLO HOME RUN (Flyball, 8RXD, EV 110.6 MPH), Distance : 418 ft
Pitching: LHP Corbett Sweet
Batting: LHB Roman Downey 0-0: Ball
1-0: Ball
2-0: Foul Ball, location: 2F
2-1: Foul Ball, location: 2F
2-2: Ball
3-2: Strikes out swinging
Pitching: RHP Luis Guerrero
Batting: RHB Nick Ogle 0-0: Ball
1-0: Ball
2-0: Fly out, F8 (Flyball, 89M, EV 92.5 MPH)
Top of the 8th over - 2 runs, 2 hits, 0 errors, 0 left on base; Omaha 2 - Round Rock 5
BOTTOM OF THE 8TH
Round Rock Express batting - Pitching for Omaha Storm Chasers : RHP Sergio Quinones
Pitching: RHP Gan Ts'ong
Now at SS: Marcos Villalobos
Batting: SHB David Simpson 0-0: Ball
1-0: Called Strike
1-1: Foul Ball, location: 2F
1-2: Fly out, F7 (Line Drive, 78S, EV 88.1 MPH)
Batting: LHB Pauli Gassinger 0-0: Ground out 3-1 (Groundball, 34S, EV 89.4 MPH)
Batting: RHB Rich Stinson 0-0: Ball
1-0: Called Strike
1-1: Fly out, F3 (Popup, 3S, EV 73.8 MPH)
Bottom of the 8th over - 0 runs, 0 hits, 0 errors, 0 left on base; Omaha 2 - Round Rock 5
TOP OF THE 9TH
Omaha Storm Chasers batting - Pitching for Round Rock Express : RHP Luis Guerrero
Pitching: LHP Dennis French
Batting: RHB Mikolas Markus 0-0: Called Strike
0-1: Ground out 5-3 (Groundball, 56, EV 83.1 MPH)
Batting: RHB Chris Cooper 0-0: Ball
1-0: Ball
2-0: Foul Ball, location: 2F
2-1: Foul Ball, location: 2F
2-2: Strikes out swinging
Batting: RHB Joeri Plas 0-0: SINGLE (Line Drive, 7S, EV 110.6 MPH)
Batting: RHB Aaron Moore 0-0: SINGLE (Groundball, P, EV 90.0 MPH) (infield hit)
Joeri Plas to second
Pitching: RHP Alex Rushton
Batting: LHB Chris Eaker 0-0: Called Strike
0-1: Foul Ball, location: 2F
0-2: Ball
1-2: Fly out, F9 (Flyball, 9LM, EV 83.1 MPH)
Top of the 9th over - 0 runs, 2 hits, 0 errors, 2 left on base; Omaha 2 - Round Rock 5
Thursday, March 31st , 2022 - OOTP Baseball 22.12 Build 89